 Dungeon Sprint DCSS version 0.24-a0-170-gd8427f5 (webtiles) character file.

Game seed: 5208949343288651711

0 Dfrag the Skirmisher (level 1, -2/27 HPs)
             Began as a Demonspawn Berserker on Mar 10, 2019.
             Was a Follower of Trog.
             Slain by Sigmund
             ... wielding a +6 scythe of protection
              (3 damage)
             ... in the Dungeon (Sprint VI: "Thunderdome").
             The game lasted 00:00:36 (38 turns).

Dfrag the Skirmisher (Demonspawn Berserker)           Turns: 38, Time: 00:00:37

Health: -2/27      AC:  2    Str: 25    XL:     1   Next: 8%
Magic:  1/1        EV: 12    Int:  8    God:    Trog [*.....]
Gold:   20         SH:  0    Dex: 12    Spells: 0/0 levels left

rFire    . . .     SeeInvis .   a - +0 falchion
rCold    + . .     Gourm    +   (no shield)
rNeg     . . .     Faith    .   b - +0 animal skin
rPois    +         Spirit   .   (no helmet)
rElec    .         Reflect  .   (no cloak)
rCorr    .         Harm     .   (no gloves)
MR       +....     NoTele   +   (no boots)
Stlth    ..........             q - amulet "Rikuene" {Gourm rC+}
HPRegen  0.09/turn              p - ring "Qostij" {rPois MR+ Slay+4}
MPRegen  0.07/turn              n - ring "Pypuibin" {Str+3 Stlth-}

@: berserking, very quick
A: no striking features
a: Berserk, Renounce Religion


You were in the Dungeon.
You worshipped Trog.
Trog was aware of your devotion.
You were not hungry.

You visited 1 branch You collected 200 gold pieces.
You spent 180 gold pieces at shops.

Inventory:

Hand Weapons
 a - a +0 falchion (weapon)
Armour
 b - a +0 animal skin (worn)
Jewellery
 n - the ring "Pypuibin" (right hand) {Str+3 Stlth-}
   (You bought it in a shop in the Dungeon)

   [ring of attention]

   It affects your strength (+3).
   It makes you less stealthy.
 o - the amulet of Atse {RegenMP +Blink rN++ Dex-3 Stlth+}
   (You bought it in a shop in the Dungeon)

   [amulet of magic regeneration]

   It increases your magic regeneration.
   It affects your dexterity (-3).
   It greatly protects you from negative energy.
   It lets you blink.
   It makes you more stealthy.
 p - the ring "Qostij" (left hand) {rPois MR+ Slay+4}
   (You bought it in a shop in the Dungeon)

   [ring of slaying]

   It affects your accuracy and damage with ranged weapons and melee attacks
   (+4).
   It protects you from poison.
   It affects your resistance to hostile enchantments.
 q - the amulet "Rikuene" (around neck) {Gourm rC+}
   (You bought it in a shop in the Dungeon)

   [amulet of the gourmand]

   It allows you to eat raw meat even when not hungry.
   It protects you from cold.
Wands
 j - a wand of acid (5)
 k - a wand of iceblast (5)
Scrolls
 i - 4 scrolls of blinking
 l - 3 scrolls of fog
Potions
 d - a potion of curing
 e - 4 potions of heal wounds
 f - 4 potions of haste
 g - 2 potions of magic
 h - a potion of berserk rage
 m - a potion of resistance
Comestibles
 c - a ration


   Skills:
 + Level 3.1 Fighting
 + Level 2.8 Long Blades
 + Level 2.0 Armour
 - Level 1.7 Dodging


You couldn't memorise any spells.
You didn't know any spells.
Your spell library was empty.

Dungeon Overview and Level Annotations

Branches:
Dungeon (1/1)

Altars:
Cheibriados
Dithmenos
Fedhas
Makhleb
Ru
Sif Muna
Trog
Vehumet
Xom
Zin
The Shining One

Shops:
D *[%?

Annotations:
D Sigmund


Message History

Sigmund casts a spell.
Sigmund flickers and vanishes!
Deactivating autopickup; reactivate with Ctrl-A.
You hit the frilled lizard.
You kill the frilled lizard!
Trog accepts your kill.
Your Armour skill increases to level 2!
Found a burning altar of Makhleb and a shimmering altar of Xom.
You hear some strange, mumbled words.
A puff of flame appears from out of thin air!
The puff of flame misses you.
A red film seems to cover your vision as you go berserk!
You feel yourself moving faster!
You feel mighty!
You feel quite a bit more hungry. Something hits you!
You feel a strong urge to attack something.
You miss something. Something hits you!
* * * LOW HITPOINT WARNING * * *
You slash something! You slash something! Something hits you.
You die...

#_....... #_......._#
###.........###
#⌠...........⌠#
######.8.........8.##
##∩___......# ......_
###∩........8.# .8.....
#............{###.......
#⌠..........###@..#
#⌠..........# #.<.#
#⌠..........# #...#
##.............###..
###∩........8.# .8..
##∩___......# ......
######.8..... ...8.#
#⌠...... ....⌠# ###.
.###


There were no monsters in sight!

Vanquished Creatures
  A frilled lizard (D)
1 creature vanquished.

Notes
Turn   | Place    | Note
-------+----------+-------------------------------------------
     0 | D        | Dfrag the Demonspawn Berserker began the quest for the Orb.
     0 | D        | Reached XP level 1. HP: 18/18 MP: 1/1
     1 | D        | Found a snail-covered altar of Cheibriados.
     1 | D        | Found a glowing golden altar of the Shining One.
     2 | D        | Found a deep blue altar of Sif Muna.
     2 | D        | Found a bloodstained altar of Trog.
     3 | D        | Found a shadowy altar of Dithmenos.
     3 | D        | Found a glowing silver altar of Zin.
     4 | D        | Found Ustred's Delicious Food.
     4 | D        | Found a radiant altar of Vehumet.
     4 | D        | Found a sacrificial altar of Ru.
     4 | D        | Found Leykeligh's Identification Station.
     5 | D        | Found Dila's Jewellery.
     5 | D        | Found Jugg's Advanced Armour.
     5 | D        | Found a blossoming altar of Fedhas.
     5 | D        | Round 1.
    13 | D        | Bought a glittering lead ring for 45 gold pieces
    13 | D        | Bought a coiled garnet amulet for 45 gold pieces
    13 | D        | Bought a heavily runed platinum ring for 45 gold pieces
    13 | D        | Identified the ring "Qostij" {rPois MR+ Slay+4} (You bought
                  | it in a shop in the Dungeon)
    14 | D        | Identified the amulet of Atse {RegenMP +Blink rN++ Dex-3
                  | Stlth+} (You bought it in a shop in the Dungeon)
    15 | D        | Identified the ring "Pypuibin" {Str+3 Stlth-} (You bought
                  | it in a shop in the Dungeon)
    16 | D        | Bought a flickering ivory amulet for 45 gold pieces
    17 | D        | Identified the amulet "Rikuene" {Gourm rC+} (You bought it
                  | in a shop in the Dungeon)
    25 | D        | Noticed Sigmund
    32 | D        | Found a burning altar of Makhleb.
    32 | D        | Found a shimmering altar of Xom.
    36 | D        | HP: 1/27 [something (13)]
    38 | D        | Slain by Sigmund

Levels and vault maps discovered:
D:        arena_sprint

Skill      XL: |  1 |
---------------+----+-----
Armour         | 2 |  2.0
Fighting       | |  3.1
Long Blades    | |  2.8
Dodging        | |  1.7

Action                   || total
-------------------------++-------
Melee: Falchion          ||     4
Invok: Berserk           ||     1
Dodge: Dodged            ||     1

Table legend:
 A = Non-vault XP
 B = Vault XP
 C = Vault XP percentage of total XP
 D = Non-vault monster count
 E = Vault monster count
 F = Vault count percentage of total count
                 A         B        C        D         E       F
            +---------+---------+-------+---------+---------+-------
      Total |       1 |       0 |   0.0 |       1 |       0 |   0.0
            +---------+---------+-------+---------+---------+-------
          D |       1 |       0 |   0.0 |       1 |       0 |   0.0
            +---------+---------+-------+---------+---------+-------
